 Dungeon Crawl Stone Soup version 0.21-a0-104-g7b58145 (webtiles) character file.

98 meatball the Sneak (level 4, -4/30 HPs)
             Began as an Octopode Assassin on July 6, 2017.
             Slain by an orc
             ... wielding a +0 morningstar
              (11 damage)
             ... on level 2 of the Dungeon.
             The game lasted 00:13:01 (1917 turns).

meatball the Sneak (Octopode Assassin)              Turns: 1917, Time: 00:13:02

Health: -4/30      AC:  1    Str: 10    XL:     4   Next: 69%
Magic:  4/4        EV: 13    Int: 13    God:
Gold:   132        SH:  0    Dex: 14    Spells: 3/3 levels left

rFire    . . .     SeeInvis .   a - +2 dagger
rCold    . . .     Gourm    .   (no shield)
rNeg     . . .     Faith    .   (helmet restricted)
rPois    .         Spirit   .   (no amulet)
rElec    .         Reflect  .   (no ring)
rCorr    .         Harm     .   (no ring)
MR       .....                  (no ring)
Stlth    ++++......             (no ring)
HPRegen  0.10/turn              (no ring)
MPRegen  0.09/turn              (no ring)
                                (no ring)
                                (no ring)

@: no status effects
A: almost no armour, stealthy swim, amphibious, 8 rings, constrict 8, camouflage
1, gelatinous body 1
a: no special abilities


You were on level 2 of the Dungeon.
You were not hungry.

You visited 1 branch of the dungeon, and saw 3 of its levels.

You collected 132 gold pieces.

Inventory:

Hand Weapons
 a - a +2 dagger (weapon)
 b - a +0 blowgun
 g - a +2 short sword of speed
Missiles
 c - 18 poisoned needles
 d - 2 curare-tipped needles
Jewellery
 m - an uncursed ring of magical power {unknown}
Scrolls
 e - 4 scrolls of identify {unknown}
 i - a scroll of amnesia {unknown}
 j - 2 scrolls of fear {unknown}
 l - a scroll of teleportation {unknown}
 n - a scroll of enchant weapon {unknown}
 o - 2 scrolls of remove curse {unknown}
Potions
 p - a potion of brilliance {unknown}
 q - a potion of haste
Comestibles
 f - 2 bread rations
 h - 3 royal jellies


   Skills:
 + Level 2.5 Fighting
 + Level 2.5 Short Blades
 + Level 2.8 Throwing
 + Level 1.9 Dodging
 * Level 6.3 Stealth


You had 3 spell levels left.
You didn't know any spells.

Dungeon Overview and Level Annotations

Branches:
Dungeon (3/15)

Altars:
Elyvilon
Kikubaaqudgha
Trog
Wu Jian

Annotations:
D:2 Ijyb


Innate Abilities, Weirdness & Mutations

You cannot wear most types of armour.
You are very stealthy in the water. (Stealth+)
You are amphibious.
You can wear up to eight rings at the same time.
You can use your tentacles to constrict eight enemies at once.
Your skin changes colour to match your surroundings (Stealth+).
Your rubbery body absorbs attacks. (AC +1, EV +1)


Message History

You constrict Ijyb, but do no damage. Ijyb screams, "Me kill you!"
Ijyb hits you but does no damage.
You barely miss Ijyb. Your squeeze misses Ijyb.
Ijyb is moderately wounded.
You constrict Ijyb. The orc closely misses you. Ijyb hits you with a club.
You completely miss Ijyb. You squeeze Ijyb, but do no damage.
Ijyb is moderately wounded.
You constrict Ijyb, but do no damage. The orc closely misses you.
Ijyb hits you but does no damage.
You hit Ijyb.
Ijyb is heavily wounded.
You constrict Ijyb.
Ijyb zaps a wand.
Nothing appears to happen.
The orc hits you with a morningstar!
* * * LOW HITPOINT WARNING * * *
You release your grip on Ijyb.
Ijyb hits you but does no damage.
You climb upwards.
There is a stone staircase leading down here.
The orc hits you with a morningstar!
You die...

...###.# ##.....## ##.#
.....#.## ##.......## ##..#
..._....####.........####...##
...........+.........'.......#
.8......#.##.........####...####
..)....##.###.>.....## #.......#
.......##.# ##.....## #.##.##.#
._...####.# ##go.## #.#...#.#
....#####.# ##@## #.#.#.#.#
#.#.......# #.# #.#...#.#
#.........#### #.# #.##.##.#
###..........###.## #.......#
#...###.##.##...#########.####
#.).##..............# #.#
#รท...#..##.##...##..# #.#
#.......##.###.###..#####.#
##..###.##.# #.# #........#


You could see Ijyb and an orc.

Vanquished Creatures
  A hound skeleton (D:2)
  3 adders (D:2)
  A worm (D:3)
  4 leopard geckos
  4 orcs (D:3)
  2 goblins
  3 hobgoblins
  6 jackals
  7 kobolds
  2 quokkas
  2 ball pythons
  5 bats
  A frilled lizard (D:2)
  5 rats
46 creatures vanquished.

Notes
Turn   | Place    | Note
-------+----------+-------------------------------------------
     0 | D:1      | meatball the Octopode Assassin began the quest for the Orb.
     0 | D:1      | Reached XP level 1. HP: 14/14 MP: 1/1
    65 | D:1      | Reached XP level 2. HP: 11/19 MP: 2/2
   757 | D:2      | Found an ornate altar of the Wu Jian Council.
   760 | D:2      | Found a white marble altar of Elyvilon.
   762 | D:2      | Found an ancient bone altar of Kikubaaqudgha.
   766 | D:2      | Reached XP level 3. HP: 24/24 MP: 3/3
   836 | D:2      | Found a bloodstained altar of Trog.
  1105 | D:2      | Reached XP level 4. HP: 30/30 MP: 4/4
  1134 | D:2      | Reached skill level 6 in Stealth
  1604 | D:3      | Noticed Ijyb
  1606 | D:3      | Paralysed by Ijyb for 3 turns
  1611 | D:3      | Paralysed by Ijyb for 6 turns
  1624 | D:3      | Paralysed by Ijyb for 2 turns
  1646 | D:3      | Paralysed by Ijyb for 6 turns
  1917 | D:2      | Slain by an orc

Vault maps used:
D:1:      minmay_arrival_three_doors, minmay_stone_trees_small
D:2:      grunt_temple_overflow_open, bloody_trog, first_bread
D:3:      okawaru_trees_2, uniq_ijyb, uniq_jessica

Skill      XL: |  1  2  3  4 |
---------------+-------------+-----
Stealth        | 6 |  6.3
Fighting       | |  2.5
Short Blades   | |  2.5
Throwing       | |  2.8
Dodging        | |  1.9

Action                   |  1- 3 |  4- 6 || total
-------------------------+-------+-------++-------
Melee: Dagger            |    42 |    50 ||    92
       Constrict         |    10 |    14 ||    24
       Tentacles         |     3 |     9 ||    12
       Short sword       |    13 |       ||    13
  Use: Potion            |       |     1 ||     1
 Stab: Sleeping          |     8 |     3 ||    11
  Eat: Chunk             |       |     3 ||     3
Armor: Skin              |     2 |     6 ||     8
Dodge: Dodged            |    34 |    30 ||    64
